 Dungeon Crawl Stone Soup version 0.18-a0-1243-g9e52518 (webtiles) character file.

1833 Lathuz the Basher (level 8, -1/64 HPs)
             Began as a Minotaur Fighter on Feb 5, 2016.
             Was a Believer of Okawaru.
             Slain by a killer bee (5 damage)
             ... on level 7 of the Dungeon.
             The game lasted 00:13:30 (6844 turns).

Lathuz the Basher (Minotaur Fighter)                Turns: 6844, Time: 00:13:30

Health: -1/64      AC: 17    Str: 22    XL:     8   Next: 86%
Magic:  7/7        EV:  2    Int:  5    God:    Okawaru [**....]
Gold:   269        SH: 14    Dex: 11    Spells: 0 memorised, 7 levels left

rFire  x . .     SeeInvis .     E - +1 flail (protect)
rCold  + . .     Gourm    .     F - +0 plate armour
rNeg   . . .     Faith    .     G - +0 large shield
rPois  .         Spirit   .     (helmet restricted)
rElec  .         Dismiss  .     (no cloak)
rCorr  .         Reflect  .     (no gloves)
SustAt .         Harm     .     k - +0 pair of boots
MR     .....                    (no amulet)
Stlth  ..........               (no ring)
                                j - ring of ice

@: lethally poisoned (-1 -> -3), not resistant to hostile enchantments,
extremely unstealthy
A: retaliatory headbutt, horns 2
a: Heroism, Renounce Religion


You were on level 7 of the Dungeon.
You worshipped Okawaru.
Okawaru was pleased with you.
You were hungry.

You visited 1 branch of the dungeon, and saw 7 of its levels.
You also visited: Sewer.

You collected 395 gold pieces.
You spent 126 gold pieces at shops.

Inventory:

Hand Weapons
 E - a +1 flail of protection (weapon)
Missiles
 C - 112 stones (quivered)
Armour
 k - a +0 pair of boots (worn)
 F - a +0 plate armour (worn)
 G - a +0 large shield (worn)
Jewellery
 j - a ring of ice (left hand)
 n - an uncursed amulet of faith {unknown}
Wands
 a - a wand of confusion (26/48)
 y - a wand of iceblast (10/15)
 A - a wand of random effects (34/48)
Scrolls
 g - 8 scrolls of identify {unknown}
 m - a scroll of magic mapping {unknown}
 o - 2 scrolls of blinking
 p - 3 scrolls of immolation {unknown}
 r - a scroll of fog {unknown}
 t - 2 scrolls of remove curse
 v - 5 scrolls of teleportation
 B - 2 scrolls of fear {unknown}
 D - a scroll of noise {unknown}
Potions
 b - a potion of cure mutation {unknown}
 d - 2 potions of might
 e - 2 potions of curing {unknown}
 i - 2 potions of agility {unknown}
 l - 2 potions of lignification {unknown}
 q - 3 potions of flight {unknown}
 u - a potion of cancellation {unknown}
 w - 2 potions of brilliance {unknown}
Comestibles
 c - 2 chunks of flesh
 f - 3 bread rations
 h - a royal jelly
 s - 4 fruits
 x - a beef jerky
 z - 2 meat rations


   Skills:
 - Level 3.6 Fighting
 + Level 13.3 Maces & Flails
 - Level 3.6 Armour
 - Level 3.6 Shields


You had 7 spell levels left.
You didn't know any spells.

Dungeon Overview and Level Annotations

Branches:
Dungeon (7/15)             Temple (0/1) D:6

Altars:
Okawaru
Pakellas
Qazlal
The Shining One

Shops:
D:6 [


Innate Abilities, Weirdness & Mutations

You reflexively headbutt those who attack you in melee.
You have a pair of horns on your head.


Message History

You closely miss the killer bee.
The killer bee is moderately wounded.
You feel sick. The killer bee stings you.
* * * LOW HITPOINT WARNING * * *
You closely miss the killer bee.
The killer bee is moderately wounded.
You block the killer bee's attack.
The killer bee stings you but does no damage.
You miss the killer bee.
The killer bee is moderately wounded.
You feel sick. You block the killer bee's attack. The killer bee stings you.
* * * LOW HITPOINT WARNING * * *
You miss the killer bee. Your headbutt misses the killer bee.
The killer bee is moderately wounded.
You feel sick.
The killer bee stings you but does no damage. x2
You closely miss the killer bee. Your headbutt misses the killer bee.
The killer bee is moderately wounded.
You block the killer bee's attack. The killer bee stings you.
You die...

#. #.#
#..#####
##...#..
##......####
.......<...#
.........#.#
#.<.....##.#
##......##@#
##>..#.##y#
##.##.##5#
## #.##.#
#.##.# .".
#.# #..


You could see a killer bee and a crimson imp.

Vanquished Creatures
  The ghost of namelastname112 the Cudgeler, an amateur DrGl (D:4)
  An orc warrior (D:5)
  3 ogres
  A centaur (D:6)
  2 big kobolds (Sewer)
  A giant frog (D:6)
  Blork the orc (D:5)
  2 killer bees (D:7)
  2 crimson imps
  A jelly (D:5)
  2 hounds
  3 orc priests
  A giant frog skeleton (D:6)
  5 orc wizards
  An iguana (D:4)
  3 worker ants
  A worker ant zombie (D:6)
  4 gnolls (D:5)
  18 adders
  2 river rats (Sewer)
  4 oozes
  An adder skeleton (D:6)
  7 worms
  11 giant geckos
  15 orcs
  6 giant cockroaches
  3 goblins (D:2)
  6 hobgoblins
  6 jackals
  8 kobolds
  5 quokkas
  4 ball pythons
  4 bats
  A giant gecko skeleton (D:4)
  3 giant newts
  A jackal zombie (D:6)
  10 rats
150 creatures vanquished.

Notes
Turn   | Place    | Note
--------------------------------------------------------------
     0 | D:1      | Lathuz the Minotaur Fighter began the quest for the Orb.
     0 | D:1      | Reached XP level 1. HP: 19/19 MP: 0/0
   531 | D:2      | Reached XP level 2. HP: 8/26 MP: 1/1
  1149 | D:2      | Found an iron altar of Okawaru.
  1154 | D:2      | Reached skill level 4 in Maces & Flails
  1154 | D:2      | Reached XP level 3. HP: 31/31 MP: 2/2
  1778 | D:3      | Reached skill level 5 in Maces & Flails
  1799 | D:3      | Reached XP level 4. HP: 30/39 MP: 3/3
  2051 | D:3      | Found a faded altar to an unknown god.
  2319 | D:3      | Found a stormy altar of Qazlal.
  2476 | D:2      | Became a worshipper of Warmaster Okawaru
  2612 | D:3      | Reached skill level 6 in Maces & Flails
  2783 | D:3      | Reached XP level 5. HP: 40/45 MP: 4/4
  3322 | D:4      | Noticed namelastname112's ghost (amateur DrGl)
  3332 | D:4      | Killed namelastname112's ghost
  3332 | D:4      | Reached skill level 7 in Maces & Flails
  3332 | D:4      | Reached XP level 6. HP: 19/51 MP: 5/5
  3613 | D:4      | Reached skill level 8 in Maces & Flails
  3866 | D:4      | Found a glowing drain.
  3893 | Sewer    | Entered a sewer
  3959 | Sewer    | Reached * piety under Okawaru
  3959 | Sewer    | Reached skill level 9 in Maces & Flails
  4069 | Sewer    | Reached XP level 7. HP: 57/57 MP: 6/6
  4964 | D:4      | Reached skill level 10 in Maces & Flails
  5260 | D:5      | Entered Level 5 of the Dungeon
  5294 | D:5      | Found a glowing golden altar of the Shining One.
  5548 | D:5      | Noticed Blork the orc
  5566 | D:5      | Killed Blork the orc
  5566 | D:5      | Reached skill level 11 in Maces & Flails
  5566 | D:5      | Reached XP level 8. HP: 55/64 MP: 4/7
  5647 | D:5      | Found an oddly glowing altar of Pakellas.
  5726 | D:6      | Found a staircase to the Ecumenical Temple.
  5879 | D:6      | Found Hemnyimoydo's Antique Armour Shop.
  5908 | D:6      | Bought a large shield for 126 gold pieces
  5989 | D:6      | Reached ** piety under Okawaru
  5989 | D:6      | Reached skill level 12 in Maces & Flails
  6167 | D:6      | Found an oddly glowing altar of Pakellas.
  6487 | D:6      | Reached skill level 13 in Maces & Flails
  6844 | D:7      | Slain by a killer bee

Vault maps used:
D:1:      scummos_arrival_checkerplants, minmay_misc_feat_tiny
D:2:      first_bread, roderic_roman_lattice, okawaru_ov_weapons_minmay
D:3:      grunt_qazlal_sundering, ecumenical_altar_2
D:4:      gup_sewer_entry_pipe, hangedman_minor_gate_pass
D:5:      overflow_temple_1_default, grunt_pakellas_basics, uniq_blork_the_orc
D:6:      lemuel_doored_altar, minmay_temple_entry_purple_smoke, serial_shops,
          shop, minmay_misc_feat_square
D:7:      grunt_livestock
Sewer:    sewer_co_tree

Action                   |  1- 3 |  4- 6 |  7- 9 || total
-------------------------+-------+-------+-------++-------
Melee: Flail             |   115 |   179 |   364 ||   658
Invok: Heroism           |       |       |     3 ||     3
  Use: Scroll            |       |       |     3 ||     3
  Eat: Chunk             |     1 |     8 |     9 ||    18
       Fruit             |     1 |     1 |       ||     2
